Map: Temple gelé

Players

Baashxiv - Winner!

  • Race: Terran Terran
  • League: Diamond

Nitram

  • Race: Protoss Protoss
  • League: Diamond

VOD

Have the link to the VOD?

Description

Time

  • Played on: May 28, 2016, 9:14 a.m.
  • Length: 9:12
Show
View Real Time Build Order
Export as new Build Order

Baashxiv Terran - Winner!

Build Orders: MMM Bio 

Get SALT Encoding   

  12  0:01  SCV  
  13  0:13  SCV  
  14  0:18  Supply Depot  
  14  0:25  SCV  
  15  0:39  SCV  
  16  0:45  Barracks  
  16  0:49  Refinery  
  16  0:52  SCV  
  17  1:04  SCV  
  18  1:16  SCV  
  19  1:32  Orbital Command, Marine  
  20  1:48  Command Center  
  20  2:00  SCV  
  21  2:02  Supply Depot  
  21  2:12  Factory  
  21  2:14  SCV  
  22  2:17  Marine  
  23  2:26  SCV  
  24  2:31  Barracks  
  24  2:38  SCV  
  25  2:44  Marine  
  25  2:45  Barracks  
  25  2:50  SCV  
  27  2:59  Starport  
  27  3:03  SCV  
  28  3:06  Orbital Command  
  28  3:16  Widow Mine  
  28  3:19  SCV  
  31  3:27  Bunker  
  31  3:28  Marine x2  
  31  3:31  SCV  
  31  3:32  Refinery  
  34  3:38  SCV  
  35  3:47  Widow Mine  
  37  3:50  SCV  
  37  3:52  Barracks Reactor, Barracks Tech Lab  
  37  3:54  Starport Reactor  
  38  3:58  Barracks Reactor  
  38  4:01  SCV  
  39  4:10  SCV  
  39  4:16  SCV  
  41  4:18  Marine  
  41  4:22  SCV  
  43  4:27  Widow Mine  
  43  4:28  SCV  
  43  4:30  Stimpack  
  46  4:36  Barracks  
  46  4:37  Barracks  
  46  4:52  Supply Depot  
  46  4:59  Marine x2  
  46  5:13  Marine x3  
  46  5:14  SCV x2, Medivac  
  53  5:17  Marine  
  54  5:25  Refinery, Barracks Reactor x2  
  54  5:26  Refinery, Marauder  
  54  5:43  Supply Depot  
  54  5:44  Supply Depot  
  54  5:45  Supply Depot  
  54  5:47  SCV x2  
  54  6:04  SCV, Marine x5  
  54  6:05  Marauder  
  54  6:06  SCV, Medivac x2, Marine x3  
  54  6:08  Command Center  
  70  6:12  Command Center  
  70  6:16  SCV  
  70  6:18  SCV  
  72  6:19  Engineering Bay  
  72  6:20  Engineering Bay  
  72  6:22  Marine x2  
  74  6:29  SCV  
  74  6:30  SCV  
  75  6:36  Marine  
  75  6:37  Marine x5  
  80  6:41  SCV  
  80  6:42  SCV  
  82  6:47  Marine x2  
  82  6:48  Combat Shields  
  84  6:55  Factory Reactor  
  84  6:56  Terran Infantry Weapons Level 1, Terran Infantry Armor Level 1  
  84  6:57  Marine x5  
  89  7:17  Marine x4  
  89  7:18  Marine  
  89  7:19  Marine  
  89  7:20  Marauder  
  97  7:23  Marine x2  
  97  7:29  Starport  
  98  7:30  Starport  
  98  7:35  Marine x2  
  100  7:40  Marine x4  
  100  7:41  Marauder  
  106  7:44  Fusion Core  
  106  7:53  Marine x2  
  107  7:59  Armory  
  107  8:04  Orbital Command x2  
  108  8:08  Marine  
  108  8:09  Marine x3  
  108  8:11  Starport Reactor  
  110  8:25  Starport Reactor  
  110  8:27  Refinery, Starport Tech Lab  
  110  8:28  Refinery, Concussive Shells  
  110  8:34  Marine x3  
  111  8:45  Marine x5  
  111  8:46  Marine  
Show
View Real Time Build Order
Export as new Build Order

Nitram Protoss 

Build Orders: 1 Gate Expand 

Get SALT Encoding   

  12  0:01  Probe (Chrono Boost)  
  13  0:11  Probe (Chrono Boost)  
  14  0:19  Pylon  
  14  0:22  Probe (Chrono Boost)  
  15  0:38  Probe (Chrono Boost)  
  15  0:39  Gateway  
  16  0:45  Assimilator  
  16  0:48  Probe (Chrono Boost)  
  17  0:59  Probe (Chrono Boost)  
  18  1:09  Probe (Chrono Boost)  
  19  1:20  Probe (Chrono Boost)  
  20  1:27  Nexus  
  20  1:30  Probe (Chrono Boost)  
  22  1:48  Zealot (Chrono Boost)  
  22  1:50  Pylon  
  23  1:58  Probe (Chrono Boost)  
  23  2:06  Cybernetics Core  
  23  2:09  Assimilator  
  23  2:11  Probe (Chrono Boost)  
  24  2:22  Probe (Chrono Boost)  
  25  2:32  Probe (Chrono Boost)  
  26  2:38  Pylon  
  26  2:39  Probe (Chrono Boost)  
  26  2:43  Probe (Chrono Boost)  
  28  2:46  Adept  
  28  2:50  Probe (Chrono Boost), Warp Gate  
  31  2:54  Gateway, Mothership Core (Chrono Boost)  
  34  3:05  Probe (Chrono Boost)  
  34  3:12  Probe (Chrono Boost)  
  35  3:13  Adept  
  35  3:17  Probe (Chrono Boost)  
  38  3:22  Probe (Chrono Boost)  
  39  3:27  Probe (Chrono Boost)  
  39  3:32  Robotics Facility  
  40  3:35  Probe (Chrono Boost)  
  40  3:38  Probe (Chrono Boost)  
  41  3:45  Probe (Chrono Boost)  
  42  3:48  Probe (Chrono Boost)  
  43  4:01  Assimilator  
  43  4:03  Assimilator  
  43  4:05  Pylon  
  45  4:10  Probe x2 (Chrono Boost)  
  45  4:12  Adept  
  45  4:15  Adept  
  49  4:30  Observer (Chrono Boost)  
  38  5:02  Observer (Chrono Boost)  
  34  5:11  Probe  
  34  5:12  Probe  
  36  5:14  Adept  
  38  5:22  Probe  
  38  5:25  Probe  
  40  5:32  Probe  
  41  5:37  Probe  
  42  5:43  Probe  
  42  5:49  Probe  
  42  5:51  Observer (Chrono Boost)  
  42  5:53  Probe  
  44  5:58  Adept x2  
  44  6:01  Probe  
  44  6:04  Probe, Robotics Bay  
  50  6:13  Probe  
  50  6:14  Probe  
  50  6:21  Adept x2  
  50  6:25  Probe x2  
  56  6:35  Probe  
  56  6:37  Probe  
  58  6:41  Gateway  
  58  6:47  Gateway  
  58  6:52  Disruptor (Chrono Boost)  
  61  7:06  Pylon  
  61  7:07  Pylon  
  56  7:11  Adept x2  
  55  7:22  Probe  
  55  7:24  Probe  
  53  7:44  Adept  
  50  7:55  Probe, Adept  
  50  7:56  Probe, Adept  
  56  8:05  Probe  
  56  8:08  Probe  
  60  8:13  Disruptor (Chrono Boost)  
  60  8:17  Adept x2  
  65  8:20  Twilight Council  
  65  8:24  Adept  
  67  8:45  Probe, Adept x3  
  67  8:46  Probe  
  69  8:58  Probe  
Tags
 
Add a new tag
Caveats
  • Supply blocks, unpowered buildings, or Contaminate may cause inaccurate times.
  • Supply counts are checked every 10 seconds.